 Dungeon Crawl Stone Soup version 0.28.0-53-g5a82cb258f (webtiles) character file.

Game seed: 1774338258181400167

443 SanguineChosen the Covered (level 7, -8/44 HPs)
             Began as a Gargoyle Fighter on June 29, 2022.
             Was an Initiate of Trog.
             Mangled by a redback (9 damage)
             ... on level 3 of the Dungeon.
             The game lasted 00:15:57 (3541 turns).

SanguineChosen the Covered (Gargoyle Fighter)       Turns: 3541, Time: 00:15:57

Health: -8/44      AC: 12    Str: 21    XL:     7   Next: 2%
Magic:  7/7        EV:  7    Int:  9    God:    Trog [......]
Gold:   113        SH:  0    Dex:  9    Spells: 6/6 levels left

rFire   . . .      SeeInvis .   p - +2 quarterstaff (chaos)
rCold   . . .      Faith    .   (shield currently unavailable)
rNeg    + . .      Spirit   .   b - +0 scale mail
rPois   ∞          Reflect  .   (no helmet)
rElec   +          Harm     .   (no cloak)
rCorr   .          Rampage  .   (no gloves)
Will    .....                   (no boots)
Stlth   ..........              (no amulet)
HPRegen 0.14/turn               (no ring)
MPRegen 0.10/turn               (no ring)

@: attractive, flying, constricted
A: sickness immunity, AC +4, negative energy resistance 1, electricity
resistance, torment resistance 1, petrification resistance
a: Renounce Religion


You were on level 3 of the Dungeon.
You worshipped Trog.
Trog was noncommittal.
You visited 1 branch of the dungeon, and saw 4 of its levels.

You collected 113 gold pieces.

Inventory:

Hand Weapons
 a - a +0 flail
 p - a +2 quarterstaff of chaos (weapon)
Armour
 b - a +0 scale mail (worn)
 c - a +0 buckler
Scrolls
 d - a scroll of silence {unknown}
 f - a scroll of teleportation {unknown}
 i - 2 scrolls of enchant weapon {unknown}
 j - a scroll of identify
 k - a scroll of enchant armour {unknown}
 l - a scroll of magic mapping {unknown}
 q - a scroll of summoning {unknown}
 s - a scroll of vulnerability {unknown}
 t - a scroll of fog {unknown}
Potions
 g - a potion of curing {unknown}
 n - a potion of lignification {unknown}


   Skills:
 + Level 4.3 Fighting
 + Level 3.7(4.5) Maces & Flails
 + Level 3.8(4.5) Staves
 + Level 4.4 Armour
 + Level 1.1 Dodging
 + Level 1.3 Stealth
 + Level 3.5 Shields


You had 6 spell levels left.
You didn't know any spells.
Your spell library was empty.

Dungeon Overview and Level Annotations

Branches:
Dungeon (4/15)
 Temple: D:4-7

Altars:
Dithmenos
Fedhas
Trog


Innate Abilities, Weirdness & Mutations

You are immune to sickness and miasma.
Your stone body is resilient. (AC +4)
You are immune to poison.
You resist negative energy. (rN+)
You are resistant to electric shocks. (rElec)
You are resistant to unholy torment.
You are immune to petrification.


Message History

The redback bites you but does no damage.
You closely miss the redback.
The redback is moderately wounded.
The redback barely misses you. The redback bites you!
You feel much better.
The redback bites you but does no damage.
The redback bites you!
Things that are here:
a +0 dagger; a goblin corpse The redback barely misses you.
The redback closely misses you. The redback bites you.
There is an escape hatch in the ceiling here.
The redback bites you.
The ball python bites you but does no damage.
The ball python closely misses you. A mysterious force pulls you upwards.
The hatch slams shut behind you. The redback bites you!
* * * LOW HITPOINT WARNING * * *
It was a potion of flight.
You feel very buoyant.
You fly up into the air.
The redback bites you!
* * * LOW HITPOINT WARNING * * *
The ball python bites you.
* * * LOW HITPOINT WARNING * * *
The ball python closely misses you.
The redback bites you but does no damage.
The ball python barely misses you. The ball python grabs you.
The ball python constricts you.
There are monsters nearby!
It was a potion of magic.
Magic courses through your body. The redback barely misses you.
The ball python bites you but does no damage.
The ball python constricts you.
* * * LOW HITPOINT WARNING * * *
Unknown command.
It was a potion of attraction.
You feel attractive to monsters. The redback bites you!
You die...

##..# #..##.####........)........
###.###..###)###...........#.####
.........####.##......####...##
.......#.#..##.#........##....#
.........#.#.#.#......#.#...#.##
.........####.##......#.#......##
..........##_##..................
.........#.###..sS....##..<......
.........##.##..@................
....>....##.##...................
.......................###).....#
.........##.##...................
.........##.##...................
.....###############.....#.......
.....# #.....#....... .....#
♣♣#.....##.....# .....#
♣♣♣♣♣♣.......##......


You could see a redback and a ball python.

Vanquished Creatures
  Eustachio (D:4)
  An ogre (D:3)
  A hound (D:4)
  An orc priest (D:3)
  Crazy Yiuf (D:2)
  3 gnolls (D:3)
  2 adders
  3 worms
  2 dart slugs
  4 orcs (D:3)
  2 endoplasms
  4 giant cockroaches
  5 goblins
  2 hobgoblins
  2 jackals (D:3)
  2 quokkas
  5 ball pythons
  10 bats
  2 frilled lizards (D:1)
  6 kobolds
  5 rats
64 creatures vanquished.

Notes
Turn   | Place    | Note
-------+----------+-------------------------------------------
     0 | D:1      | SanguineChosen the Gargoyle Fighter began the quest for the
                  | Orb.
     0 | D:1      | Reached XP level 1. HP: 14/14 MP: 1/1
   434 | D:1      | Found a faded altar of an unknown god.
   434 | D:1      | Noticed a hell beast
   454 | D:1      | Reached XP level 2. HP: 19/19 MP: 2/2
  1103 | D:2      | Reached XP level 3. HP: 22/23 MP: 3/3
  1557 | D:2      | Found a runed translucent door.
  1558 | D:2      | Noticed Crazy Yiuf
  1901 | D:2      | Killed Crazy Yiuf
  1902 | D:2      | Reached XP level 4. HP: 23/29 MP: 4/4
  2359 | D:3      | Reached XP level 5. HP: 14/33 MP: 5/5
  2366 | D:3      | Reached skill level 1 in Stealth
  2608 | D:3      | Found a bloodstained altar of Trog.
  2612 | D:3      | Became a worshipper of Trog the Wrathful
  2683 | D:3      | Found a blossoming altar of Fedhas.
  2790 | D:3      | Found a shadowy altar of Dithmenos.
  2810 | D:3      | Noticed an ogre
  2817 | D:3      | Killed an ogre
  2818 | D:3      | Reached XP level 6. HP: 31/38 MP: 6/6
  3359 | D:4      | Noticed Eustachio
  3413 | D:4      | Killed Eustachio
  3414 | D:4      | Reached skill level 1 in Dodging
  3414 | D:4      | Reached XP level 7. HP: 31/44 MP: 7/7
  3508 | D:4      | Noticed a two-headed ogre
  3521 | D:4      | Noticed a redback
  3521 | D:4      | a two-headed ogre changed into a redback
  3539 | D:3      | HP: 1/44 [ball python (2)]
  3541 | D:3      | Mangled by a redback

Illustrated notes

Levels and vault maps discovered:
D:1:      lightli_arrival_boilingwater, layout_loops_ring,
          dreamdust_ecumenical_altar_sealed_demon
D:2:      layout_basic, uniq_crazy_yiuf_cottage
D:3:      layout_rooms, fedhas_altar_4, mainiacjoe_overflow_paths,
          marbit_many_paths, st_stairs_12, minmay_misc_feat_pillars
D:4:      layout_rooms, okawaru_gym_becter, uniq_eustachio, uniq_pikel

Skill      XL: |  1  2  3  4  5  6 |
---------------+-------------------+-----
Maces & Flails | 3 |  3.7
Stealth        | 1 |  1.3
Armour         | 4 |  4.4
Fighting       | 4 |  4.3
Staves         | 2 3 |  3.8
Dodging        | 1 |  1.1
Shields        | |  3.5

Action                   |  1- 3 |  4- 6 |  7- 9 || total
-------------------------+-------+-------+-------++-------
Melee: Flail             |   105 |       |       ||   105
       Quarterstaff      |       |   100 |     8 ||   108
  Use: Potion            |     1 |     1 |     5 ||     7
       Scroll            |       |       |     2 ||     2
Armor: Scale mail        |    73 |    91 |     6 ||   170
Dodge: Dodged            |    43 |    98 |    12 ||   153
Block: Buckler           |    20 |       |       ||    20
